 Seeded DCSS version 0.31-a0-845-g9abc20d (webtiles) character file.

Game seed: 8498966264943689616 (custom seed)

181087 PurpleRed the Scorcher (level 17, -59/97 HPs)
             Began as a Deep Elf Reaver on Oct 2, 2023.
             Was the Champion of Vehumet.
             Killed from afar by Nikola (84 damage)
             ... with an arc of chain lightning
             ... on level 3 of the Elven Halls.
             The game lasted 01:44:58 (26128 turns).

PurpleRed the Scorcher (Deep Elf Reaver)           Turns: 26128, Time: 01:44:59

Health: -59/97     AC: 12    Str:  9    XL:     17   Next: 66%
Magic:  28/42      EV: 13    Int: 33    God:    Vehumet [******]
Gold:   2484       SH:  0    Dex: 13    Spells: 2/54 levels left

rFire   + . .        F - staff of fire
rCold   + . .        c - crystal ball of Wucad Mu {*channel}
rNeg    + . .        K - +0 troll leather armour
rPois   +            t - +0 helmet of Anaesthesia {rPois rN+}
rElec   .            p - +1 cloak
rCorr   .            i - +2 pair of gloves
SInv    .            R - +2 pair of boots
Will    +....        B - amulet of magic regeneration
Stlth   +            Z - ring of protection from cold
HPRegen 1.16/turn    Y - +6 ring of intelligence
MPRegen 0.68/turn

%: channel magic (40%)
@: studying Spellcasting
A: no striking features
a: Renounce Religion


You were on level 3 of the Elven Halls.
You worshipped Vehumet.
Vehumet was exalted by your worship.
You visited 5 branches of the dungeon, and saw 26 of its levels.
You also visited: Gauntlet and Wizlab.

You collected 3044 gold pieces.
You spent 560 gold pieces at shops.

Inventory:

Hand Weapons
 A - a +3 short sword of speed
 U - a +4 long sword
Missiles
 y - 63 poisoned darts
 C - 2 curare-tipped darts
Armour
 c - the crystal ball of Wucad Mu (worn) {*channel}
   (You found it in a wizard's laboratory)

   *Channel:  It often returns the magic spent to cast spells, but lowers their
   success rate.
   It always returns the magic spent on miscasts.
 i - a +2 pair of gloves (worn)
 l - the +0 pair of boots "Fitax" {rPois rF+}
   (You found it in a Gauntlet)

   rF+:       It protects you from fire.
   rPois:     It protects you from poison
 p - a +1 cloak (worn)
 t - the +0 helmet of Anaesthesia (worn) {rPois rN+}
   (You found it in a Gauntlet)

   rPois:     It protects you from poison rN+: It protects you from negative
   energy.
 K - a +0 troll leather armour (worn)
 P - a +2 robe of willpower
 R - a +2 pair of boots (worn)
 S - the +2 ring mail of the Learner {rElec}
   (You took it off a minotaur in a Gauntlet)

   rElec:     It insulates you from electricity.
 T - +0 acid dragon scales
Magical Staves
 s - a staff of conjuration
 F - a staff of fire (weapon)
Jewellery
 z - a ring of fire
 B - an amulet of magic regeneration (around neck)
 G - a ring of protection from fire
 H - a ring of see invisible
 J - a ring of wizardry
 Y - a +6 ring of intelligence (right hand)
 Z - a ring of protection from cold (left hand)
Wands
 g - a wand of paralysis (19)
 m - a wand of iceblast (32)
 L - a wand of acid (11)
Scrolls
 a - 3 scrolls of amnesia
 e - a scroll of enchant weapon
 j - 4 scrolls of immolation
 n - 3 scrolls of revelation
 o - 4 scrolls of fog
 q - 4 scrolls of fear
 r - 2 scrolls of torment
 w - a scroll of identify
 E - 2 scrolls of blinking
 M - 5 scrolls of poison
 N - a scroll of silence
 Q - 12 scrolls of teleportation
Potions
 b - 3 potions of enlightenment
 d - 4 potions of magic
 f - 3 potions of mutation
 h - 2 potions of cancellation
 k - 13 potions of heal wounds
 u - 3 potions of berserk rage
 v - 11 potions of curing
 x - 3 potions of might
 D - 2 potions of attraction
 I - 5 potions of haste
 V - a potion of ambrosia
 W - 4 potions of brilliance
 X - a potion of invisibility


   Skills:
 - Level 8.0 Fighting
 - Level 3.0 Short Blades
 - Level 6.0 Dodging
 + Level 19.0 Spellcasting
 + Level 19.0 Conjurations
 - Level 3.0 Hexes
 - Level 2.0 Translocations
 + Level 20.0 Fire Magic


You had 2 spell levels left.
You knew the following spells:

 Your Spells              Type           Power      Damage    Failure   Level
a - Orb of Destruction    Conj           51%        9d13      1%          7
b - Searing Ray           Conj           100%       2d8       1%          2
c - Fulminant Prism       Conj/Hex       40%        3d19      1%          4
d - Iskenderun's Mystic   Conj/Tloc      79%        2d16      1%          4
e - Starburst             Conj/Fire      63%        6d17      1%          6
f - Fireball              Conj/Fire      63%        3d24      1%          5
g - Blink                 Tloc           88%        N/A       5%          2
h - Plasma Beam           Fire/Air       49%        2x1d63    3%          6
i - Ozocubu's Refrigerat  Ice            15%        4d10      98%         7
k - Kiss of Death         Conj/Necr      100%       2d13      1%          1
v - Ignition              Fire           64%        3d17      2%          8

Your spell library contained the following spells:

 Spells                   Type           Power      Damage    Failure   Level
 Freezing Cloud           Conj/Ice/Air   32%        6-21      3%          5
 Freeze                   Ice            100%       1d10      1%          1
 Magic Dart               Conj           100%       1d8       1%          1
 Momentum Strike          Conj/Tloc      100%       3d10      1%          2
 Scorch                   Fire           100%       2d9       1%          2
 Necrotise                Necr           100%       1d9       7%          1
 Dazzling Flash           Conj/Hex       100%       N/A       1%          3
 Hailstorm                Conj/Ice       76%        3d16      1%          3
 Stone Arrow              Conj/Erth      100%       3d13      1%          3
 Volatile Blastmotes      Fire/Tloc      100%       2d18      1%          3
 Flame Wave               Conj/Fire      100%       2d21      1%          4
 Arcjolt                  Conj/Air       38%        1d48      1%          5
 Frozen Ramparts          Ice            62%        1d10      4%          3
 Bombard                  Conj/Erth      38%        9d7       4%          6
 Tukima's Dance           Hex            50%        N/A       6%          3
 Summon Guardian Golem    Hex/Summ       41%        N/A       10%         3
 Olgreb's Toxic Radiance  Pois           31%        N/A       10%         4
 Yara's Violent Unravell  Hex/Tmut       20%        3d9       13%         5
 Vampiric Draining        Necr           31%        2d8       14%         3
 Cause Fear               Hex            25%        N/A       14%         4
 Spellforged Servitor     Conj/Summ      38%        N/A       14%         7
 Dimensional Bullseye     Hex/Tloc       23%        N/A       16%         4
 Passage of Golubria      Tloc           44%        N/A       19%         4
 Lee's Rapid Deconstruct  Erth           15%        3d10*     21%         5
 Anguish                  Hex/Necr       20%        N/A       22%         4
 Leda's Liquefaction      Hex/Erth       20%        N/A       22%         4
 Vhi's Electric Charge    Tloc/Air       76%        N/A       26%         4
 Animate Armour           Summ/Erth      62%        N/A       34%         4
 Dispel Undead            Necr           31%        3d14      34%         4
 Summon Ice Beast         Ice/Summ       31%        N/A       34%         4
 Silence                  Hex/Air        20%        N/A       45%         5
 Summon Mana Viper        Hex/Summ       41%        N/A       45%         5
 Lehudib's Crystal Spear  Conj/Erth      38%        10d9      61%         8
 Agony                    Necr           31%        N/A       63%         5
 Simulacrum               Ice/Necr       15%        N/A       98%         6
 Summon Cactus Giant      Summ           15%        N/A       98%         6
 Enfeeble                 Hex            25%        N/A       99%         7
 Haunt                    Necr/Summ      15%        N/A       100%        7
 Malign Gateway           Summ/Tloc      19%        N/A       100%        7
 Monstrous Menagerie      Summ           15%        N/A       100%        7
 Discord                  Hex            25%        N/A       100%        8
 Disjunction              Tloc           22%        N/A       100%        8
 Maxwell's Capacitive Co  Air            15%        ∞         100%        8
 Dragon's Call            Summ           15%        N/A       100%        9


Dungeon Overview and Level Annotations

Branches:
Dungeon (15/15)            Temple (1/1) D:6            Lair (5/5) D:8
  Swamp (0/4) Lair:3       Spider (0/4) Lair:3        Slime (0/5) Lair:5
    Orc (2/2) D:10            Elf (3/3) Orc:2        Vaults (0/5) D:14
 Depths (0/4) D:15         WizLab (visited)         Gauntlet (visited)

Altars:
Ashenzari
Cheibriados
Dithmenos
Elyvilon
Fedhas
Gozag
Hepliaklqana
Kikubaaqudgha
Makhleb
Nemelex Xobeh
Okawaru
Qazlal
Ru
Sif Muna
Trog
Uskayaw
Vehumet
Wu Jian
Xom
Yredelemnul
Zin
The Shining One
Jiyva
Lugonu

Shops:
D:6 (*   Orc:2 *!?*

Portals:
Abyss: Orc:1

Annotations:
D:7 1 runed translucent door, Crazy Yiuf
Lair:3 2 transporters, Dikli's ghost, journeyman MiBe
Elf:2 3 runed translucent doors
Elf:3 Nikola


Message History

Okay, then.
As you read the scroll of fog, it dissolves into smoke.
Casting: Fireball (safe; 1% risk of failure)
Confirm with . or Enter, or press ? or * to list all spells.
Aiming: Fulminant Prism (mildly dangerous; 1% risk of failure)
Press: ? - help, Dir - move target You conjure a prism of explosive energy!
A fulminant prism comes into view.
You hear a loud crackle.
You hear an explosion!
The blast of energy engulfs Nikola!!!
Nikola is moderately wounded.
You hear a shout! x3
Casting: Fulminant Prism (mildly dangerous; 1% risk of failure)
Confirm with . or Enter, or press ? or * to list all spells.
Aiming: Orb of Destruction (dangerous; 1% risk of failure)
Press: ? - help, Shift-Dir - straight line, f - Nikola
Aim: Nikola, wielding a +1 rapier of electrocution, wearing a +0 cloak of poison resistance and wearing a +0 pair of gloves (black smoke, moderately wounded) Magical energy flows into your mind!
The wavering orb of destruction hits Nikola!!!
Nikola is severely wounded.
Nikola mumbles some strange words.
Lightning arcs from Nikola's hands!
The bolt of lightning hits you!!!!
Ouch! That really hurt!
* * * LOW HITPOINT WARNING * * *
A bolt of lightning appears from out of thin air!
The bolt of lightning hits Nikola.
You hear a shout! x4
Okay, then.
Casting: Orb of Destruction (dangerous; 1% risk of failure)
Confirm with . or Enter, or press ? or * to list all spells.
Aiming: Fireball (safe; 1% risk of failure)
Press: ? - help, Shift-Dir - straight line, f/p - Nikola
Aim: Nikola, wielding a +1 rapier of electrocution, wearing a +0 cloak of poison resistance and wearing a +0 pair of gloves (black smoke, severely wounded)
You feel a surge of power!
The fireball explodes!
The fireball engulfs Nikola!!
Nikola is severely wounded.
Nikola casts a spell.
Lightning arcs from Nikola's hands!
The bolt of lightning hits you!!!!
Ouch! That really hurt!
You die...

*,,*,,,,#,,.......'....#
*,,*,,,,#+#########....#
*,,*,,,,...............#
*,,*,,,,...............#
*,,+,,,,#######'###....#
*,,*,,,,#.........#....#
*,,*,,,,#....))§..#....#
*,,*,,,,#......)§.#....#
*,,*,,,,#...§..§@.#....#
*,,*,,,,#...§§§§§§#....#
*,,*,,,,#...§§§@§§#,,,,*
*,,*,,,,#...§§§§§§#,,,,*
*,,*,,,,#...§§§§*.#,,,,*
*,,*,,,,#.....§...#,,,,*
*,,*,,,,#.....@...#,,,,*
*,,*,,,,#######'###,,,,*
*,,*,,,,...............*


You could see Nikola.

Vanquished Creatures
  Kirke (D:12)
  Aizul (Elf:1)
  2 deep elf elementalists (Elf:3)
  A stone giant (D:15)
  A very ugly thing (D:14)
  The ghost of brinewave the Nimble, a journeyman DgCj (Lair:5)
  3 deep elf demonologists
  2 deep elf annihilators
  A minotaur (Gauntlet)
  An orange crystal statue (WizLab)
  Snorg (D:13)
  A fire dragon (Lair:5)
  An ice dragon (Lair:5)
  Erolcha (D:12)
  9 hydras
  4 centaur warriors
  5 boulder beetles
  3 two-headed ogres
  14 dancing weapons
  A death knight (D:15)
  3 catoblepae
  4 tengu warriors
  A thrashing horror (Gauntlet)
  9 deep elf knights
  4 orc high priests (Orc:2)
  Lodul (D:13)
  A glowing orange brain (shapeshifter) (D:14)
  A bog body (Lair:3)
  A swamp dragon (Lair:5)
  A spriggan druid (Elf:1)
  11 deep elf archers
  2 lindwurms (Lair:5)
  16 deep elf zephyrmancers
  Pikel (D:7)
  2 wizards (D:14)
  18 deep elf pyromancers
  2 orc knights (Orc:1)
  An oklob plant (D:15)
  3 orc sorcerers
  18 ugly things
  A shining eye (Gauntlet)
  A cyclops (D:12)
  A manticore (D:11)
  10 elephants
  2 black mambas
  6 torpor snails
  A gargoyle (D:12)
  A kobold demonologist (D:10)
  8 cane toads
  4 rime drakes
  A cane toad (shapeshifter) (Elf:1)
  3 freezing wraiths (D:15)
  Jeremiah (D:9)
  4 yaktaurs (D:15)
  An efreet (D:14)
  15 komodo dragons
  3 tengu conjurers
  4 polar bears
  5 trolls
  7 hornets (Lair:5)
  2 tarantellas (shapeshifter) (Elf:1)
  3 tyrant leeches (Lair:5)
  Prince Ribbit (D:8)
  A wolf spider simulacrum (D:15)
  12 dream sheep
  15 blink frogs
  A shadow (D:11)
  6 slime creatures
  Sigmund (D:3)
  5 wyverns
  2 wraiths
  2 air elementals (Elf:3)
  A vampire (D:14)
  A golden eye (Gauntlet)
  59 yaks
  3 basilisks
  5 hogs (D:12)
  3 small abominations (Gauntlet)
  4 vampire mosquitoes
  A golden eye (shapeshifter) (D:15)
  7 steam dragons
  Grum (D:8)
  5 fire elementals
  4 redbacks (Lair:3)
  5 wargs
  16 water moccasins
  4 acid dragons
  A floating eye (Gauntlet)
  21 orc warriors
  2 swamp drakes (Lair:5)
  An ice beast (D:5)
  A sky beast (D:6)
  14 ogres
  18 wolves
  6 boggarts (D:15)
  16 centaurs
  A lemure (D:7)
  A phantom (D:5)
  5 kobold brigands
  10 bullfrogs
  4 earth elementals
  8 wights
  15 killer bees
  2 electric eels
  3 howler monkeys (D:9)
  4 hounds
  3 jellies
  26 orc priests
  4 iguanas (Lair:5)
  30 orc wizards
  4 adders
  11 gnolls
  2 shadow imps
  A white imp (D:8)
  2 ufetubi
  2 worms (D:4)
  5 dart slugs
  53 orcs
  5 ball pythons
  5 bats
  5 endoplasms
  7 giant cockroaches
  6 goblins
  7 hobgoblins
  2 frilled lizards (D:2)
  33 kobolds
  6 rats
  2 lurking horrors (Orc:1)
757 creatures vanquished.

Vanquished Creatures (collateral kills)
  A small abomination (Gauntlet)
1 creature vanquished.

Vanquished Creatures (others)
  197 fulminant prisms
197 creatures vanquished.

Grand Total: 955 creatures vanquished

Notes
Turn   | Place    | Note
-------+----------+-------------------------------------------
     0 | D:1      | PurpleRed the Deep Elf Reaver began the quest for the Orb.
     0 | D:1      | Reached XP level 1. HP: 12/12 MP: 6/6
   137 | D:1      | Reached XP level 2. HP: 12/14 MP: 8/8
   141 | D:1      | Learned a level 2 spell: Momentum Strike
   497 | D:1      | Reached XP level 3. HP: 15/20 MP: 7/10
   596 | D:1      | Learned a level 3 spell: Hailstorm
   990 | D:2      | Reached skill level 1 in Translocations
  1532 | D:2      | Learned a level 2 spell: Searing Ray
  1588 | D:3      | Reached XP level 4. HP: 25/25 MP: 9/12
  1656 | D:3      | Found a sparkling altar of Nemelex Xobeh.
  1664 | D:3      | Noticed Sigmund
  1676 | D:3      | Killed Sigmund
  1677 | D:3      | Reached skill level 5 in Conjurations
  1677 | D:3      | Reached XP level 5. HP: 29/29 MP: 5/14
  1988 | D:3      | Found a faded altar of an unknown god.
  2068 | D:3      | Reached XP level 6. HP: 34/34 MP: 12/15
  2455 | D:4      | Learned a level 4 spell: Fulminant Prism
  2517 | D:4      | Reached skill level 5 in Spellcasting
  2766 | D:4      | Found a shimmering blue altar of Sif Muna.
  2788 | D:4      | Reached XP level 7. HP: 19/34 MP: 7/17
  3122 | D:5      | Entered Level 5 of the Dungeon
  3909 | D:6      | Reached XP level 8. HP: 43/43 MP: 12/21
  4024 | D:6      | Noticed a troll
  4083 | D:6      | Killed a troll
  4309 | D:6      | Reached skill level 10 in Conjurations
  4458 | D:6      | Found Zin's Purification Station.
  4461 | D:6      | Found a glowing silver altar of Zin.
  4580 | D:6      | Identified the +9 dire flail of Doom {heavy, Drain rPois
                  | rF- rN+++}
  4582 | D:6      | Found Ymiqergha's Weapon Shoppe.
  4670 | D:6      | Found a staircase to the Ecumenical Temple.
  4697 | Temple   | Entered the Ecumenical Temple
  4720 | Temple   | Became a worshipper of Vehumet
  5122 | D:6      | Reached XP level 9. HP: 48/48 MP: 14/24
  5447 | D:7      | Reached skill level 1 in Fire Magic
  5488 | D:7      | Noticed Pikel
  5494 | D:7      | Killed Pikel
  5495 | D:7      | Reached skill level 2 in Fire Magic
  5891 | D:7      | Found a stormy altar of Qazlal.
  6303 | D:7      | Found a runed translucent door.
  6304 | D:7      | Noticed Crazy Yiuf
  6358 | D:8      | Found a snail-covered altar of Cheibriados.
  6672 | D:8      | Found a staircase to the Lair.
  6716 | D:8      | Reached * piety under Vehumet
  6716 | D:8      | Offered knowledge of Sandblast by Vehumet.
  6729 | D:8      | Reached skill level 3 in Fire Magic
  6734 | D:8      | Reached skill level 10 in Spellcasting
  6755 | D:8      | Reached XP level 10. HP: 45/56 MP: 0/26
  6774 | D:8      | Noticed Grum
  6901 | D:8      | Killed Grum
  7047 | D:8      | Found an iron altar of Okawaru.
  7220 | D:8      | Learned a level 6 spell: Starburst
  7290 | D:8      | Noticed Prince Ribbit
  7301 | D:8      | Killed Prince Ribbit
  7302 | D:8      | Reached skill level 4 in Fire Magic
  7784 | D:9      | Reached ** piety under Vehumet
  7784 | D:9      | Offered knowledge of Static Discharge by Vehumet.
  7788 | D:9      | Reached skill level 5 in Fire Magic
  8704 | D:9      | Noticed Jeremiah
  8710 | D:9      | Killed Jeremiah
  8819 | D:10     | Entered Level 10 of the Dungeon
  8826 | D:10     | Reached skill level 6 in Fire Magic
  9100 | D:10     | Offered knowledge of Ignite Poison by Vehumet.
  9131 | D:10     | Found a staircase to the Orcish Mines.
  9153 | D:10     | Reached *** piety under Vehumet
  9161 | D:10     | Reached skill level 7 in Fire Magic
  9161 | D:10     | Reached XP level 11. HP: 61/61 MP: 17/28
  9890 | D:10     | Found a glowing golden altar of the Shining One.
  9949 | D:11     | Noticed a two-headed ogre
  9952 | D:11     | Killed a two-headed ogre
 10050 | D:11     | Found a gate leading to a gauntlet.
 10070 | Gauntlet | Entered a Gauntlet
 10070 | Gauntlet | Noticed a tengu warrior
 10070 | Gauntlet | Found a transporter.
 10113 | Gauntlet | Found a transporter.
 10114 | Gauntlet | Found a transporter.
 10129 | Gauntlet | Found a transporter.
 10131 | Gauntlet | Found a transporter.
 10133 | Gauntlet | Noticed a catoblepas
 10145 | Gauntlet | Found a transporter.
 10153 | Gauntlet | Found a runed translucent door.
 10155 | Gauntlet | Noticed a green ugly thing
 10155 | Gauntlet | Noticed a white ugly thing
 10156 | Gauntlet | Noticed a glowing orange brain
 10157 | Gauntlet | Found a transporter.
 10165 | Gauntlet | Noticed a cyan ugly thing
 10166 | Gauntlet | Found a transporter.
 10166 | Gauntlet | Noticed a red ugly thing
 10167 | Gauntlet | Found the +2 hood of the Assassin {Detect Stab+ Stlth++}
 10170 | Gauntlet | Noticed a great orb of eyes
 10176 | Gauntlet | Found a transporter.
 10177 | Gauntlet | Noticed a thrashing horror
 10190 | Gauntlet | Found a transporter.
 10199 | Gauntlet | Found a transporter.
 10201 | Gauntlet | Found a transporter.
 10208 | Gauntlet | Noticed a shining eye
 10281 | Gauntlet | Found a transporter.
 10287 | Gauntlet | Reached skill level 8 in Fire Magic
 10288 | Gauntlet | Killed a shining eye
 10297 | Gauntlet | Identified the +0 pair of boots "Fitax" {rPois rF+}
 10341 | Gauntlet | Learned a level 5 spell: Summon Mana Viper
 10371 | Gauntlet | Identified the +0 helmet of Anaesthesia {rPois rN+}
 10375 | Gauntlet | Offered knowledge of Iskenderun's Mystic Blast by Vehumet.
 10377 | Gauntlet | Killed a thrashing horror
 10493 | Gauntlet | Identified the +7 glaive "Hizat" {speed, *Slow rC++ Int+2
                  | SInv}
 10493 | Gauntlet | Identified the +2 ring mail of the Learner {rElec}
 10493 | Gauntlet | Noticed a minotaur
 10514 | Gauntlet | Killed a minotaur
 10534 | Gauntlet | Got a vellum book
 10538 | Gauntlet | Learned a level 2 spell: Blink
 10544 | Gauntlet | Got a shiny book
 10775 | D:11     | Reached skill level 9 in Fire Magic
 10792 | D:11     | Learned a level 4 spell: Iskenderun's Mystic Blast
 10991 | D:11     | Noticed a boulder beetle
 11017 | D:11     | Killed a boulder beetle
 11438 | D:11     | Found an ancient bone altar of Kikubaaqudgha.
 11505 | D:11     | Noticed a two-headed ogre
 11510 | D:11     | Killed a two-headed ogre
 12001 | Lair:1   | Entered Level 1 of the Lair of Beasts
 12338 | Lair:1   | Reached **** piety under Vehumet
 12528 | Lair:1   | Reached XP level 12. HP: 66/66 MP: 21/30
 12541 | Lair:1   | Reached skill level 10 in Fire Magic
 12550 | Lair:1   | Offered knowledge of Sticky Flame by Vehumet.
 13005 | Lair:2   | Noticed a six-headed hydra
 13008 | Lair:2   | Killed a six-headed hydra
 13074 | Lair:2   | Reached skill level 15 in Conjurations
 13078 | Lair:2   | Reached skill level 5 in Dodging
 13103 | Lair:2   | Noticed a seven-headed hydra
 13230 | Lair:2   | Reached skill level 11 in Fire Magic
 13515 | Lair:2   | Killed a seven-headed hydra
 13516 | Lair:2   | Reached skill level 5 in Fighting
 13920 | Lair:2   | Noticed a catoblepas
 13920 | Lair:2   | Noticed a catoblepas
 13940 | Lair:2   | Found a runed translucent door.
 14292 | Lair:2   | Killed a catoblepas
 14292 | Lair:2   | Reached ***** piety under Vehumet
 14313 | Lair:2   | Offered knowledge of Fireball by Vehumet.
 14325 | Lair:2   | Learned a level 5 spell: Fireball
 14406 | Lair:2   | Reached skill level 12 in Fire Magic
 14410 | Lair:2   | Killed a catoblepas
 14411 | Lair:2   | Reached XP level 13. HP: 73/73 MP: 27/32
 14669 | Lair:3   | Found a hole to the Spider Nest.
 14829 | Lair:3   | Identified the orb of Wu Jian's Hope {*channel, Drain rElec
                  | MP-9 Str+3 Dex+5}
 14849 | Lair:3   | Noticed Dikli's ghost (journeyman MiBe)
 14851 | Lair:3   | Found a transporter.
 14914 | Lair:3   | Found a transporter.
 15023 | Lair:3   | Found a staircase to the Swamp.
 15626 | Lair:4   | Identified the +1 scale mail "Ysaill" {rC+}
 15633 | Lair:4   | Reached skill level 15 in Spellcasting
 15646 | Lair:4   | Offered knowledge of Plasma Beam by Vehumet.
 16242 | Lair:5   | Entered Level 5 of the Lair of Beasts
 16336 | Lair:5   | Reached XP level 14. HP: 80/80 MP: 18/36
 16998 | Lair:5   | Found a runed translucent door.
 16998 | Lair:5   | Noticed brinewave's ghost (journeyman DgCj)
 17077 | Lair:5   | Killed brinewave's ghost
 17170 | Lair:5   | Found a viscous altar of Jiyva.
 17170 | Lair:5   | Found a staircase to the Slime Pits.
 17500 | Lair:5   | Found a runed translucent door.
 18531 | D:12     | Noticed Kirke
 18625 | D:12     | Killed Kirke
 18706 | D:12     | Noticed Erolcha
 18728 | D:12     | Killed Erolcha
 19205 | D:13     | Learned a level 6 spell: Plasma Beam
 19256 | D:13     | Noticed Lodul
 19258 | D:13     | Killed Lodul
 19296 | D:13     | Noticed Snorg
 19298 | D:13     | Killed Snorg
 19457 | D:13     | Found Hezuets's Jewellery Boutique.
 19593 | D:13     | Found a broken altar of Ashenzari.
 19601 | D:13     | You fall into a shaft and drop 1 floor!
 19624 | D:14     | Offered knowledge of Ozocubu's Refrigeration by Vehumet.
 19696 | D:15     | Entered Level 15 of the Dungeon
 19739 | D:14     | Learned a level 7 spell: Ozocubu's Refrigeration
 19924 | D:14     | Reached XP level 15. HP: 84/84 MP: 16/39
 20608 | D:14     | Reached skill level 13 in Fire Magic
 20843 | D:14     | Learned a level 8 spell: Ignition
 20988 | D:14     | Found a gate to the Vaults.
 21170 | D:15     | Found a staircase to the Depths.
 21372 | Orc:1    | Entered Level 1 of the Orcish Mines
 21376 | Orc:1    | Found a corrupted altar of Lugonu.
 21376 | Orc:1    | Found a one-way gate to the infinite horrors of the Abyss.
 21749 | Orc:2    | Entered Level 2 of the Orcish Mines
 21776 | Orc:2    | Found a staircase to the Elven Halls.
 21787 | Orc:2    | Reached ****** piety under Vehumet
 21789 | Orc:2    | Offered knowledge of Eringya's Noxious Bog by Vehumet.
 21862 | Orc:2    | Reached skill level 14 in Fire Magic
 21995 | Orc:2    | Offered knowledge of Iskenderun's Battlesphere by Vehumet.
 22034 | Orc:2    | Found Lerum's Distillery.
 22034 | Orc:2    | Found Qiqimoke's General Store.
 22035 | Orc:2    | Found Pommuxze's Magic Scroll Shoppe.
 22039 | Orc:2    | Found Ligoteic's Assorted Antiques.
 22045 | Orc:2    | Bought a scroll of fog for 52 gold pieces
 22046 | Orc:2    | Bought 2 potions of heal wounds for 140 gold pieces
 22046 | Orc:2    | Bought a potion of cancellation for 112 gold pieces
 22046 | Orc:2    | Bought a potion of brilliance for 56 gold pieces
 22047 | Orc:2    | Bought a potion of heal wounds for 100 gold pieces
 22047 | Orc:2    | Bought a shiny granite ring for 100 gold pieces
 22936 | D:15     | Found a blossoming altar of Fedhas.
 23102 | D:15     | Reached skill level 15 in Fire Magic
 23624 | Elf:1    | Entered Level 1 of the Elven Halls
 23771 | Elf:1    | Reached skill level 16 in Fire Magic
 23828 | Elf:1    | Reached XP level 16. HP: 93/93 MP: 35/41
 24111 | Elf:1    | Reached skill level 17 in Fire Magic
 24281 | Elf:1    | Noticed Aizul
 24336 | Elf:1    | Killed Aizul
 24861 | Elf:2    | Found a runed translucent gate.
 24861 | Elf:2    | Found a runed translucent gate.
 24865 | Elf:2    | Found a runed translucent gate.
 25163 | Elf:2    | Offered knowledge of Freezing Cloud by Vehumet.
 25246 | Elf:2    | Found an ancient bone altar of Kikubaaqudgha.
 25544 | Elf:3    | Entered Level 3 of the Elven Halls
 25551 | Elf:3    | Reached skill level 18 in Fire Magic
 25624 | Elf:3    | Paralysed by an air elemental for 1 turns
 25663 | Elf:3    | Found a magical portal.
 25692 | WizLab   | Entered Wucad Mu's Monastery
 25774 | WizLab   | Found the crystal ball of Wucad Mu {*channel}
 25832 | WizLab   | Learned a level 7 spell: Orb of Destruction
 25833 | WizLab   | Reached skill level 19 in Fire Magic
 25833 | WizLab   | Reached XP level 17. HP: 97/97 MP: 42/42
 26114 | Elf:3    | Noticed Nikola
 26118 | Elf:3    | Reached skill level 20 in Fire Magic
 26128 | Elf:3    | Killed from afar by Nikola

Illustrated notes

Levels and vault maps discovered:
D:1:      heliophobic_arrival_battle_scene, layout_loops_ring,
          serial_park_tiny_1
D:2:      layout_rooms, grunt_ministairs_3
D:3:      layout_basic, overflow_temple_1_default,
          hellmonk_ecumenical_altar_arch_garden, uniq_sigmund
D:4:      layout_rooms, led_sif_book
D:5:      layout_rooms
D:6:      minmay_chambers_of_fours, layout_loops_ring, zin_purify,
          minmay_temple_entry_offerings, serial_shops, shop,
          nicolae_underground_beach
D:7:      layout_gridville, mainiacjoe_overflow_small_starburst,
          dreamdust_mushroom_princess, uniq_crazy_yiuf_cottage, uniq_pikel
D:8:      layout_basic, mainiacjoe_overflow_big_doors, lair_entry_dummy,
          minivault_14, uniq_prince_ribbit1, uniq_grum
D:9:      layout_gridville, kennysheep_windowed_goal, uniq_jeremiah
D:10:     layout_basic, tso_altar, erik_orc_4, minmay_fractal_squares_gapless_5
D:11:     layout_layer_cave, gauntlet_entry_generic, kiku_gazebo_pond_becter
D:12:     layout_basic, uniq_kirke, uniq_erolcha
D:13:     layout_loops_ring, serial_shops, kennysheep_mini,
          evilmike_ruin_ashenzari, uniq_lodul, uniq_snorg
D:14:     cheibrodos_breeding_chamber, layout_basic, erik_vaults_1,
          minmay_strange_pillars
D:15:     grunt_enter_depths_giant_problem, layout_stronghold, tgw_fedhas
Temple:   hellmonk_temple_of_storms
Lair:1:   layout_cave_pods, infiniplex_staircase_pool_2
Lair:2:   gammafunk_lair_enchanted_lake, layout_chaotic_city, grunt_megastairs_1
Lair:3:   layout_misc_corridors, skrybe_swamp_entry_bodies,
          spider_nest_entry_webs, nzn_ghost_randoct
Lair:4:   layout_big_grid, chequers_serial_rivers_micro_a, beast_lair_carwin_1,
          grunt_megastairs_2, lemuel_fruit_tree
Lair:5:   guppyfry_lair_end_dragon, layout_loops_ring, wormcave,
          dpeg_slime_entry_enclosed, hellmonk_ghost_happy_afterlife,
          infiniplex_staircase_pool, serial_bayou_shore_a
Orc:1:    layout_caves, amcnicky_altar_lugonu_corruption
Orc:2:    st_orc_mages, layout_diamond_mine
Elf:1:    nicolae_elf_arrival_fired_up, layout_geoelf_octagon,
          hangedman_corner_corridor, kilobyte_rumbling_trees, uniq_aizul
Elf:2:    nicolae_elf_blades_splatter_lattice
          [nicolae_blade_entry_floor_patterns], layout_onion_city, basic_altar
Elf:3:    minmay_elf_hall_x, layout_onion_city, mu_enter_wizlab_6, serial_shops,
          shop, corexii_hall_statues_i, uniq_nikola

Skill      XL: |  1  2  3  4  5  6  7  8  9 10 11 12 13 14 15 16 17 |
---------------+----------------------------------------------------+-----
Conjurations   | 4 5 6 8 10 11 13 14 15 17 18 19 | 19.0
Translocations | 1 2 |  2.0
Spellcasting   | 4 5 7 9 10 11 12 13 16 18 19 | 19.0
Hexes          | 2 3 |  3.0
Fire Magic     | 3 7 9 12 16 19 20 | 20.0
Dodging        | 4 6 |  6.0
Fighting       | 3 4 5 6 8 |  8.0
Short Blades   | |  3.0

Action                     |  1- 3 |  4- 6 |  7- 9 | 10-12 | 13-15 | 16-18 || total
---------------------------+-------+-------+-------+-------+-------+-------++-------
  Melee: Short sword       |   171 |       |    11 |       |       |       ||   182
         Punch             |     1 |       |     1 |       |       |       ||     2
         Staff             |       |       |     7 |     2 |     7 |     1 ||    17
         Dagger            |       |       |     1 |       |       |       ||     1
  Throw: Dart              |       |       |       |     2 |     1 |       ||     3
   Cast: Kiss of Death     |     2 |     1 |     1 |     1 |       |       ||     5
         Momentum Strike   |     8 |     1 |       |       |       |       ||     9
         Searing Ray       |     1 |    21 |    37 |    15 |       |       ||    74
         Fulminant Prism   |       |     1 |    37 |   121 |    25 |    13 ||   197
         Starburst         |       |       |       |    34 |    16 |       ||    50
         Iskenderun's Myst |       |       |       |    28 |    38 |    40 ||   106
         Summon Mana Viper |       |       |       |     2 |       |       ||     2
         Fireball          |       |       |       |     4 |   332 |    63 ||   399
         Ignition          |       |       |       |       |     3 |     5 ||     8
         Orb of Destructio |       |       |       |       |       |     1 ||     1
  Evoke: Wand              |       |       |       |     2 |       |       ||     2
    Use: Scroll            |       |    12 |     9 |     8 |     7 |     2 ||    38
         Potion            |       |       |     2 |     1 |     1 |     1 ||     5
 Armour: Leather armour    |    26 |       |       |       |       |       ||    26
         Ring mail         |    65 |     1 |       |       |     2 |    21 ||    89
         Robe              |       |    15 |    54 |    31 |       |       ||   100
         Skin              |       |       |     2 |       |       |       ||     2
         Troll leather arm |       |       |       |    41 |    51 |    13 ||   105
  Dodge: Dodged            |    99 |     7 |    35 |    65 |    23 |    11 ||   240

Table legend: (Time is in decaauts)
 A = Elapsed time spent in this place.
 B = Non-inter-level travel time spent in this place.
 C = Inter-level travel time spent in this place.
 D = Time resting spent in this place.
 E = Time spent auto-exploring this place.
 F = Levels seen in this place.
 G = Mean time per level.
                   A        B        C        D        E       F      G
               +--------+--------+--------+--------+--------+-----+--------+
         Total |  26297 |  24637 |   1660 |   1536 |  18028 |  28 |  939.2 |
       Dungeon |  15602 |  14546 |   1056 |    967 |  10877 |  15 | 1040.1 |
        Temple |     42 |     42 |      0 |      0 |      0 |   1 |   42.0 |
          Lair |   6362 |   5932 |    430 |    339 |   4611 |   5 | 1272.4 |
  Orcish Mines |   1215 |   1102 |    113 |      2 |    840 |   2 |  607.5 |
   Elven Halls |   2212 |   2152 |     60 |     18 |   1601 |   3 |  737.3 |
        Wizlab |    313 |    313 |      0 |      0 |     98 |   1 |  313.0 |
      Gauntlet |    548 |    548 |      0 |    210 |      0 |   1 |  548.0 |
               +--------+--------+--------+--------+--------+-----+--------+

Top non-repeatable levels by time:
  Lair:5: 1914 daAuts
  Lair:2: 1661 daAuts
    D:11: 1612 daAuts
     D:6: 1504 daAuts
     D:8: 1442 daAuts
     D:9: 1273 daAuts
   Elf:1: 1183 daAuts
    D:10: 1142 daAuts
  Lair:1: 1076 daAuts
    D:13: 1076 daAuts
     D:1: 1026 daAuts
    D:14: 1024 daAuts
     D:7: 1021 daAuts
  Lair:3: 1007 daAuts
    D:12: 901 daAuts
